 Dungeon Crawl Stone Soup version 0.21.1-1-g345015f (webtiles) character file.

644 shakethe the Chopper (level 7, -3/60 HPs)
             Began as a Hill Orc Gladiator on Feb 26, 2018.
             Slain by Pikel
             ... wielding a +0 whip of electrocution
              (5 damage)
             ... on level 2 of the Dungeon.
             The game lasted 00:06:06 (4072 turns).

shakethe the Chopper (Hill Orc Gladiator)           Turns: 4072, Time: 00:06:07

Health: -3/60      AC: 11    Str: 17    XL:     7   Next: 52%
Magic:  16/16      EV:  5    Int: 10    God:
Gold:   222        SH:  9    Dex: 12    Spells: 6/6 levels left

rFire    . . .     SeeInvis .   a - +0 war axe
rCold    . . .     Gourm    .   k - +0 shield (curse)
rNeg     . . .     Faith    .   b - +0 chain mail
rPois    .         Spirit   .   c - +0 helmet
rElec    .         Reflect  .   (no cloak)
rCorr    .         Harm     .   h - +0 pair of gloves
MR       .....                  (no boots)
Stlth    ..........             (no amulet)
HPRegen  0.20/turn              q - ring of magical power {MP+9}
MPRegen  0.15/turn              (no ring)

@: no status effects
A: no striking features
a: no special abilities


You were on level 2 of the Dungeon.
You were hungry.

You visited 1 branch of the dungeon, and saw 4 of its levels.

You collected 222 gold pieces.

Inventory:

Hand Weapons
 a - a +0 war axe (weapon)
Missiles
 d - 3 throwing nets {=f, !d}
Armour
 b - a +0 chain mail (worn)
   (You found it on level 3 of the Dungeon)
 c - a +0 helmet (worn)
 h - a +0 pair of gloves (worn)
   (You found it on level 1 of the Dungeon)
 k - a cursed +0 shield (worn)
   (You found it on level 2 of the Dungeon)
Jewellery
 q - a ring of magical power (left hand) {MP+9}
   (You found it on level 4 of the Dungeon)
Scrolls
 g - 3 scrolls of identify {unknown}
 i - a scroll of magic mapping {unknown}
 l - a scroll of remove curse {unknown}
 p - a scroll of enchant weapon {unknown}
 s - a scroll of fog {unknown}
 t - a scroll of enchant armour {unknown}
Potions
 e - 5 potions of curing
 j - a potion of agility {unknown}
 m - a potion of degeneration {unknown}
 n - 2 potions of heal wounds {unknown}
 o - a potion of flight {unknown}
Comestibles
 f - 6 rations


   Skills:
 + Level 4.6 Fighting
 * Level 7.6 Axes
 - Level 1.7 Throwing
 + Level 2.5 Armour
 - Level 2.4 Dodging
 * Level 4.5 Shields


You had 6 spell levels left.
You didn't know any spells.

Dungeon Overview and Level Annotations

Branches:
Dungeon (4/15)
 Temple: D:4-7

Altars:
Dithmenos
Nemelex Xobeh
Qazlal

Annotations:
D:2 Pikel
D:3 Solrac's ghost, amateur MiBe


Message History

Pikel hits you but does no damage.
You closely miss Pikel.
The orc hits you from afar with a trident.
You block Pikel's attack.
A slave comes into view.
You take 1 damage, and have 41/60 hp.
The slave shouts!
You slash Pikel!
You hear a shout! x2
You block Pikel's attack. The orc hits you but does no damage.
Pikel hits you with a whip of electrocution!
You take 8 damage, and have 33/60 hp.
Your chain mail prevents you from hitting Pikel.
The orc hits you from afar with a trident.
Pikel barely misses you. The orc hits you but does no damage.
You take 1 damage, and have 32/60 hp.
Your shield and chain mail prevent you from hitting Pikel.
Pikel hits you but does no damage.
You are electrocuted!
* * * LOW HITPOINT WARNING * * *
The orc hits you but does no damage.
You take 18 damage, and have 14/60 hp.
MASSIVE DAMAGE!!
Pikel waves his whip at you.
The orc falls through a shaft!
The shaft crumbles and collapses.
Pikel says, "You'll fetch a fair price!"
You see here a giant spiked club.
There is a stone staircase leading up, spattered with blood here.
Pikel hits you but does no damage.
You climb upwards.
Level annotation: Solrac's ghost, amateur MiBe
There is a stone staircase leading down here.
There is an open door here.
Pikel says, "I knew I should've brought a map."
There is an open door here.
There is an open door here.
Pikel says, "I'm sure they'll be treated well, anyway."
Pikel says, "You'll feel the lick of my whip!"
You see here a spear.
You see here a hand axe.
Some of the chunks of flesh in your inventory have rotted away.
There is a stone staircase leading up here.
You block Pikel's attack.
You climb upwards.
There is a stone staircase leading down here.
Pikel says, "It's all about the gold, really."
Pikel says, "You'll feel the lick of my whip!"
Pikel barely misses you. You block Pikel's attack.
There is an escape hatch in the floor here.
Pikel waves a pair of manacles at you. Pikel hits you but does no damage.
You slide downwards.
The hatch slams shut behind you.
Level annotation: Solrac's ghost, amateur MiBe Solrac's ghost turns its malevolent gaze towards you.
Found a shadowy altar of Dithmenos.
Solrac's ghost screams, "Very impressive.
But it won't help.
Nothing will."
All of the chunks of flesh in your inventory have rotted away.
You see here a dagger.
Things that are here:
a robe; a dagger; a hand axe
Items here: ))) [[[ a ring mail; a short sword; a leather armour; a mace; a scale mail; a club You start resting.
Health restored: 60
Items here: ))) [[[ a ring mail; a short sword; a leather armour; a mace; a scale mail; a club
Things that are here:
a robe; a dagger; a hand axe
There is an escape hatch in the ceiling here.
A mysterious force pulls you upwards. The hatch slams shut behind you.
Level annotation: Pikel Done exploring.
You are feeling hungry.
There is an escape hatch in the floor here.
Pikel shouts!
You hit Pikel but do no damage.
Pikel hits you with a whip of electrocution.
You are electrocuted!
You take 18 damage, and have 42/60 hp.
MASSIVE DAMAGE!!
Okay, then.
You hit Pikel. Pikel hits you but does no damage.
You are electrocuted!
You take 9 damage, and have 33/60 hp.
Unknown command.
You closely miss Pikel. Pikel waves a pair of manacles at you.
Pikel hits you but does no damage.
You are electrocuted!
* * * LOW HITPOINT WARNING * * *
You take 18 damage, and have 15/60 hp.
MASSIVE DAMAGE!!
Pikel hits you but does no damage.
You are electrocuted!
* * * LOW HITPOINT WARNING * * *
You take 13 damage, and have 2/60 hp.
MASSIVE DAMAGE!!
Pikel hits you with a whip of electrocution.
You die...

...........# ###.# #.....)......
...........# #.#.# #............
........†..####.#.# #............
................#.# #........>...
...........####...###.......###.#
######'#.......##...........+...#
#.#.#####.##.##........###.#
#.#.# #.##.##...<....###.# #...#
#.K@....####.......# #####
####.#######.####### #.......[.#
#.######### #.# ###


You could see Pikel.

Vanquished Creatures
  A phantom (D:4)
  An ogre (D:4)
  A howler monkey (D:4)
  3 orc wizards
  2 orc priests
  A hound (D:4)
  An iron imp (D:4)
  Terence (D:2)
  2 worker ants (D:4)
  8 adders
  An ooze (D:1)
  4 worms
  2 dart slugs
  A leopard gecko (D:3)
  17 orcs
  3 giant cockroaches
  7 goblins
  3 hobgoblins
  10 jackals
  5 kobolds
  A quokka (D:4)
  2 ball pythons
  9 bats
  A frilled lizard (D:2)
  A jackal skeleton (D:4)
  7 rats
95 creatures vanquished.

Notes
Turn   | Place    | Note
-------+----------+-------------------------------------------
     0 | D:1      | shakethe the Hill Orc Gladiator began the quest for the Orb.
     0 | D:1      | Reached XP level 1. HP: 18/18 MP: 1/1
   324 | D:1      | Reached XP level 2. HP: 20/25 MP: 2/2
   580 | D:1      | Reached skill level 3 in Fighting
   835 | D:2      | Reached skill level 5 in Axes
   881 | D:2      | Reached XP level 3. HP: 29/31 MP: 3/3
   892 | D:2      | Noticed Terence
   905 | D:2      | Killed Terence
   905 | D:2      | Reached skill level 1 in Shields
   925 | D:2      | Reached XP level 4. HP: 23/38 MP: 4/4
  1322 | D:2      | Found a sparkling altar of Nemelex Xobeh.
  1465 | D:2      | Reached skill level 2 in Shields
  1730 | D:3      | Reached XP level 5. HP: 29/45 MP: 5/5
  1955 | D:3      | Reached skill level 6 in Axes
  1976 | D:3      | Reached skill level 1 in Armour
  2144 | D:3      | Found a stormy altar of Qazlal.
  2144 | D:3      | Noticed Solrac's ghost (amateur MiBe)
  2193 | D:3      | Reached skill level 3 in Shields
  2193 | D:3      | Reached XP level 6. HP: 49/52 MP: 6/6
  2363 | D:3      | Reached skill level 4 in Fighting
  3144 | D:4      | Noticed a phantom
  3218 | D:4      | Reached skill level 7 in Axes
  3218 | D:4      | Killed a phantom
  3218 | D:4      | Reached skill level 2 in Armour
  3218 | D:4      | Reached skill level 4 in Shields
  3218 | D:4      | Reached XP level 7. HP: 51/60 MP: 7/7
  3746 | D:4      | Noticed Pikel
  3757 | D:4      | HP: 14/60 [Pikel/whip of electrocution (18)]
  3873 | D:3      | Found a shadowy altar of Dithmenos.
  4070 | D:2      | HP: 15/60 [Pikel/whip of electrocution (18)]
  4071 | D:2      | HP: 2/60 [Pikel/whip of electrocution (13)]
  4072 | D:2      | Slain by Pikel

Skill      XL: |  1  2  3  4  5  6 |
---------------+-------------------+-----
Fighting       | 3 4 |  4.6
Axes           | 5 6 7 |  7.6
Shields        | 1 2 3 4 |  4.5
Armour         | 1 2 |  2.5
Throwing       | |  1.7
Dodging        | |  2.4

Action                   |  1- 3 |  4- 6 |  7- 9 || total
-------------------------+-------+-------+-------++-------
Melee: War axe           |    73 |   213 |    54 ||   340
 Stab: Sleeping          |       |     1 |       ||     1
  Eat: Chunk             |       |     8 |     2 ||    10
Armor: Leather armour    |    26 |     9 |       ||    35
       Scale mail        |       |    15 |       ||    15
       Chain mail        |       |    88 |    34 ||   122
Dodge: Dodged            |    45 |    55 |    18 ||   118
Block: Shield            |     5 |    95 |    35 ||   135

Vault maps used:
D:1:      shiori_arrival_maze, minmay_statues_item
D:2:      nemelex_spade_bored_becter, uniq_terence
D:3:      nicolae_overflow_hidden_temple, first_ration
D:4:      chei_slow_surprise, uniq_pikel

Table legend:
 A = Turns spent in this place as a percentage of turns spent in the entire game.
 B = Non-inter-level travel turns spent in this place as a percentage of non-inter-level travel turns spent in the entire game.
 C = Inter-level travel turns spent in this place as a percentage of turns spent in this place.
 D = Turns resting spent in this place as a percentage of non-inter-level travel turns spent in this place.
 E = Turns spent auto-exploring this place as a percentage of non-inter-level travel turns spent in this place.
 F = Non-inter-level travel turns spent in this place divided by the number of levels of this place that you've seen.
                   A       B       C       D       E      F
               +-------+-------+-------+-------+-------+----------------------
         Total | 100.0 | 100.0 |   1.9 |  27.6 |  46.9 | 998.2
       Dungeon | 100.0 | 100.0 |   1.9 |  27.6 |  46.9 | 998.2
               +-------+-------+-------+-------+-------+----------------------

Table legend:
 A = Kills in this place as a percentage of kills in entire the game.
 B = Kills by you in this place as a percentage of kills by you in the entire game.
 C = Kills by friends in this place as a percentage of kills by friends in the entire game.
 D = Other kills in this place as a percentage of other kills in the entire game.
 E = Experience gained in this place as a percentage of experience gained in the entire game.
 F = Experience gained in this place divided by the number of levels of this place that you have seen.
                   A       B       C       D       E      F
               +-------+-------+-------+-------+-------+----------------------
         Total | 100.0 | 100.0 |   N/A |   N/A | 100.0 | 230.0
       Dungeon | 100.0 | 100.0 |   N/A |   N/A | 100.0 | 230.0
               +-------+-------+-------+-------+-------+----------------------
